 Dungeon Crawl Stone Soup version 0.21.1-1-g345015fe64 (webtiles) character file.

2363 Gargoyl the Chopper (level 9, 0/74 HPs)
             Began as a Centaur Abyssal Knight on May 22, 2018.
             Was a Priest of Lugonu.
             Succumbed to a killer bee's poison
             ... on level 7 of the Dungeon.
             The game lasted 00:14:40 (8082 turns).

Gargoyl the Chopper (Centaur Abyssal Knight)        Turns: 8082, Time: 00:14:41

Health: 0/74       AC: 12    Str: 16    XL:     9   Next: 21%
Magic:  2/13       EV:  5    Int: 11    God:    Lugonu [***...]
Gold:   275        SH:  4    Dex: 11    Spells: 8/8 levels left

rFire    + . .     SeeInvis .   i - +1 battleaxe (freeze) (curse)
rCold    + . .     Gourm    .   (shield currently unavailable)
rNeg     . . .     Faith    .   g - +0 chain mail
rPois    .         Spirit   .   d - +2 helmet
rElec    .         Reflect  .   m - scarf {rC+ rF+}
rCorr    .         Harm     .   (no gloves)
MR       .....                  (no barding)
Stlth    ..........             (no amulet)
HPRegen  0.22/turn              (no ring)
MPRegen  0.13/turn              (no ring)

@: lethally poisoned (0 -> -9), berserk cooldown, slowed
A: large, hooves 3, large bone plates 1, blurry vision 1, deformed body, speed
2, tough skin 3
a: Depart the Abyss, Bend Space, Banish, Renounce Religion


You were on level 7 of the Dungeon.
You worshipped Lugonu.
Lugonu was most pleased with you.
You were near starving.

You visited 1 branch of the dungeon, and saw 7 of its levels.
You visited the Abyss 1 time.

You collected 275 gold pieces.

Inventory:

Hand Weapons
 a - a +3 hand axe
 i - a cursed +1 battleaxe of freezing (weapon)
Armour
 d - a +2 helmet (worn)
 g - a +0 chain mail (worn)
 m - a scarf of resistance (worn)
Wands
 n - a wand of polymorph (12)
 u - a wand of disintegration (19)
Scrolls
 b - a scroll of fog
 e - 2 scrolls of remove curse
 k - a scroll of fear
 l - 4 scrolls of teleportation
 p - a scroll of enchant armour
 q - 5 scrolls of identify
 s - a scroll of torment {unknown}
Potions
 f - a potion of agility
 j - 2 potions of brilliance
Books
 t - a book of Misfortune

   Spells                             Type                      Level
   a - Confusing Touch                Hexes                        1
   b - Confuse                        Hexes                        3
   c - Gell's Gravitas                Translocation                3
   d - Petrify                        Transmutation/Earth          4
   e - Metabolic Englaciation         Hexes/Ice                    5
   f - Yara's Violent Unravelling     Hexes/Transmutation          5
Comestibles
 c - 13 rations


   Skills:
 + Level 5.4 Fighting
 + Level 6.3 Axes
 * Level 6.1 Armour
 + Level 1.6 Dodging
 * Level 5.4 Invocations


You had 8 spell levels left.
You didn't know any spells.

Dungeon Overview and Level Annotations

Branches:
Dungeon (7/15)             Temple (0/1) D:6

Altars:
Fedhas
Xom

Shops:
D:5 ?   D:6 (


Innate Abilities, Weirdness & Mutations

You have hooves in place of feet.
Armour fits poorly on your strangely shaped body.
You cover ground very quickly.
You have extremely tough skin. (AC +3)
You are partially covered in large bone plates. (SH +4)
Scrolls take you a little longer to read.


Message History

The killer bee stings you.
* * * LOW HITPOINT WARNING * * *
You are more poisoned.
The killer bee poisons you!
You slash the killer bee! You freeze the killer bee.
You kill the killer bee!
Lugonu accepts your kill.
Your life force feels restored.
* * * LOW HITPOINT WARNING * * *
You feel sick.
You see here a killer bee corpse.
You feel a strong urge to attack something.
* * * LOW HITPOINT WARNING * * *
You feel sick.
* * * LOW HITPOINT WARNING * * *
You feel sick.
You feel your anger nearly subside.
You are no longer berserk.
You are exhausted.
You feel yourself slow down.
You die...

.......y.
....... #(...
#..# #.##
#..#####
##.#...######
#..........#
#...@......#
#..........#
#..........#
#..†.......#
#..........#
#..........#
##.........#
##........#
##.......#


There were no monsters in sight!

Vanquished Creatures
  Sigmund (D:3)
  Eustachio (D:4)
  A hornet zombie (D:6)
  3 ice beasts (D:6)
  A sky beast (D:6)
  An orc warrior (D:6)
  2 ogres (D:6)
  2 phantoms
  2 scorpions
  2 killer bees (D:7)
  3 wights (D:7)
  2 howler monkeys
  A crimson imp (D:5)
  A centaur zombie (D:6)
  3 hounds
  3 orc wizards
  An orc priest (D:3)
  An iguana (D:3)
  Natasha (thrice) (D:4)
  4 worker ants
  A hound skeleton (D:4)
  A worker ant zombie (D:5)
  7 adders
  4 gnolls (D:4)
  3 shadow imps
  An ooze (D:3)
  3 adder skeletons
  An adder zombie (D:5)
  A worm (D:2)
  5 leopard geckos
  18 orcs
  7 giant cockroaches
  6 hobgoblins
  5 jackals
  3 quokkas
  6 bats
  4 frilled lizards
  10 goblins
  4 kobolds
  A leopard gecko skeleton (D:5)
  5 rats
134 creatures vanquished.

Vanquished Creatures (others)
  2 killer bees (D:7)
2 creatures vanquished.

Grand Total: 136 creatures vanquished

Notes
Turn   | Place    | Note
-------+----------+-------------------------------------------
     0 | Abyss:1  | Gargoyl the Centaur Abyssal Knight began the quest for the Orb.
     0 | Abyss:1  | Reached XP level 1. HP: 19/19 MP: 2/2
    73 | Abyss:1  | Noticed a starcursed mass
    84 | Abyss:1  | Noticed a tentacled starspawn
    93 | Abyss:1  | Found a corrupted altar of Lugonu.
    97 | Abyss:1  | Noticed a worldbinder
   104 | Abyss:1  | Noticed a shadow
   104 | Abyss:1  | Noticed a shadow
   105 | Abyss:1  | Noticed a wraith
   105 | Abyss:1  | Noticed a necromancer
   105 | Abyss:1  | Noticed a shadow
   115 | Abyss:1  | Noticed a starcursed mass
   117 | Abyss:1  | Noticed an orange demon
   119 | D:1      | Escaped the Abyss
   350 | D:1      | Reached * piety under Lugonu
   532 | D:1      | Reached XP level 2. HP: 21/26 MP: 3/3
   795 | D:1      | Found a shimmering altar of Xom.
  1447 | D:2      | Reached XP level 3. HP: 28/31 MP: 4/4
  1760 | D:2      | Reached XP level 4. HP: 38/38 MP: 5/5
  2008 | D:2      | Reached ** piety under Lugonu
  2579 | D:3      | Noticed Sigmund
  2592 | D:3      | Reached skill level 1 in Dodging
  2688 | D:3      | Reached XP level 5. HP: 17/46 MP: 5/7
  2828 | D:3      | Killed Sigmund
  2828 | D:3      | Reached XP level 6. HP: 42/52 MP: 8/8
  3456 | D:4      | Noticed Eustachio
  3491 | D:4      | Killed Eustachio
  3491 | D:4      | Reached XP level 7. HP: 16/59 MP: 9/9
  3751 | D:4      | Noticed Natasha
  3758 | D:4      | Killed Natasha
  4138 | D:4      | Noticed Natasha
  4147 | D:4      | Killed Natasha
  4158 | D:4      | Noticed Natasha
  4171 | D:4      | Killed Natasha
  4416 | D:5      | Entered Level 5 of the Dungeon
  4666 | D:5      | Found Gaump's Magic Scroll Boutique.
  4929 | D:5      | Reached *** piety under Lugonu
  4988 | D:5      | Reached XP level 8. HP: 67/67 MP: 11/11
  5483 | D:6      | Found Erry's Antique Weapon Emporium.
  6088 | D:6      | Found a blossoming altar of Fedhas.
  6216 | D:6      | Reached skill level 5 in Axes
  6217 | D:6      | Reached skill level 5 in Armour
  6219 | D:6      | Reached skill level 5 in Fighting
  6228 | D:6      | Gained mutation: Your muscles are strong. (Str +2) [potion of mutation]
  6228 | D:6      | Gained mutation: Your spells are a little harder to cast, but a little more powerful. [potion of mutation]
  6570 | D:6      | Found a staircase to the Ecumenical Temple.
  6604 | D:6      | Reached skill level 5 in Invocations
  7066 | D:6      | Lost mutation: Your spells are a little harder to cast, but a little more powerful. [potion of mutation]
  7066 | D:6      | Lost mutation: Your muscles are strong. (Str +2) [potion of mutation]
  7066 | D:6      | Gained mutation: You are weak. (Str -2) [potion of mutation]
  7066 | D:6      | Gained mutation: Your mind is acute. (Int +2) [potion of mutation]
  7067 | D:6      | Lost mutation: Your mind is acute. (Int +2) [potion of mutation]
  7067 | D:6      | Lost mutation: You are weak. (Str -2) [potion of mutation]
  7067 | D:6      | Gained mutation: You are frail. (-10% HP) [potion of mutation]
  7067 | D:6      | Gained mutation: Potions are less effective at restoring your health. [potion of mutation]
  7067 | D:6      | Gained mutation: You are somewhat resistant to further mutation. [potion of mutation]
  7068 | D:6      | Lost mutation: Potions are less effective at restoring your health. [potion of mutation]
  7068 | D:6      | Lost mutation: You are somewhat resistant to further mutation. [potion of mutation]
  7068 | D:6      | Lost mutation: You are frail. (-10% HP) [potion of mutation]
  7068 | D:6      | Gained mutation: Scrolls take you a little longer to read. [potion of mutation]
  7068 | D:6      | Gained mutation: You are partially covered in large bone plates. (SH +4) [potion of mutation]
  7400 | D:6      | Reached XP level 9. HP: 47/74 MP: 12/12
  8075 | D:7      | HP: 5/111 [poisoned by a killer bee]
  8079 | D:7      | HP: 2/111 [poisoned by a killer bee]
  8082 | D:7      | Succumbed to a killer bee's poison

Skill      XL: |  1  2  3  4  5  6  7  8  9 |
---------------+----------------------------+-----
Armour         | 2 3 4 5 6 |  6.1
Axes           | 2 3 4 5 6 |  6.3
Dodging        | 1 |  1.6
Fighting       | 4 5 |  5.4
Invocations    | 3 4 5 |  5.4

Action                   |  1- 3 |  4- 6 |  7- 9 || total
-------------------------+-------+-------+-------++-------
Melee: Hand axe          |    83 |   120 |   318 ||   521
       Kick              |    15 |    17 |    79 ||   111
       Battleaxe         |       |       |    23 ||    23
Throw: Tomahawk          |       |       |     6 ||     6
Invok: Depart the Abyss  |     1 |       |       ||     1
       Bend Space        |       |       |     1 ||     1
       Banish            |       |       |     3 ||     3
Evoke: Wand              |       |       |     7 ||     7
  Use: Potion            |     3 |     4 |     8 ||    15
       Scroll            |       |    11 |     2 ||    13
 Stab: Invisible         |       |     2 |       ||     2
  Eat: Chunk             |     2 |     3 |     4 ||     9
       Ration            |       |     1 |     2 ||     3
Armor: Scale mail        |    57 |    90 |    19 ||   166
       Chain mail        |       |       |   206 ||   206
Dodge: Dodged            |    40 |    66 |    95 ||   201
Block: Other             |       |       |    11 ||    11
